WCHLSIM.com - West Coast Hockey League
html PUBLIC "-//W3C//DTD XHTML 1.0 Transitional//EN" "http://www.w3.org/TR/xhtml1/DTD/xhtml1-transitional.dtd"> WCHL - Game 252 - ANCHORAGE ACES vs NORTH DAKOTA HAWKS

ANCHORAGE ACES vs NORTH DAKOTA HAWKS

Created - 17 novembre 2022 at 22:51

Goals
1 2 3 OT1 SO T
ANCHORAGE ACES 3 2 0 0 1 5
NORTH DAKOTA HAWKS 3 2 0 0 2 6
Shots
1 2 3 OT1 SO T
ANCHORAGE ACES 16 14 14 4 5 48
NORTH DAKOTA HAWKS 13 8 8 2 5 31

1st period

1. NORTH DAKOTA HAWKS , Patrick Kane 6 (Nick Suzuki 5) at 4:56
2. ANCHORAGE ACES , Nathan MacKinnon 11 (Ben Chiarot 2) at 6:45
3. NORTH DAKOTA HAWKS , Jack Hughes 6 (Alex Killorn 12, Reyley Smith 6) at 8:17
4. NORTH DAKOTA HAWKS , Patrick Kane 7 (Nick Suzuki 6, Quinton Hughes 6) at 9:25
5. ANCHORAGE ACES , Phillip Danault 4 (Erik Haula 5) at 11:48
6. ANCHORAGE ACES , Phillip Danault 5 (Erik Haula 6, Robert Bortuzzo 2) at 14:44

Penalties :
Nazem Kadri (NDH) for Tripping (Minor) at 2:32, Nazem Kadri (NDH) for Cross-checking (Minor) at 11:50

2nd period

7. ANCHORAGE ACES , Jakob Chychrun 1 (Nathan MacKinnon 11, Connor McDavid 11) at 0:34
8. NORTH DAKOTA HAWKS , Jason Robertson 7 (Nazem Kadri 9) at 10:40
9. ANCHORAGE ACES , Nikolaj Ehlers 7 (Connor McDavid 12, Nathan MacKinnon 12) at 11:02
10. NORTH DAKOTA HAWKS , Nazem Kadri 8 (Jack Hughes 14, Jordan Kyrou 8) at 18:34 (PP)

Penalties :
Ben Chiarot (ANC) for Interference (Minor) at 17:44

3rd period

No Goal

Penalties :
Frank Vatrano (NDH) for Tripping (Minor) at 6:40

Overtime #1

No Goal

Penalties :
No Penalty

Shootout

ANCHORAGE ACES, Connor McDavid - Stopped by Carter Hart
NORTH DAKOTA HAWKS, Nazem Kadri - Stopped by Darcy Kuemper
ANCHORAGE ACES, Nathan MacKinnon - Shot Misses the Net
NORTH DAKOTA HAWKS, Jack Hughes - Shot Misses the Net
ANCHORAGE ACES, Chris Kreider - Stopped by Carter Hart
NORTH DAKOTA HAWKS, Jason Robertson - Shot Misses the Net
ANCHORAGE ACES, Jonathan Audy-Marchessault - Goal!
NORTH DAKOTA HAWKS, Patrick Kane - Goal!
ANCHORAGE ACES, Joshua Norris - Shot Misses the Net
NORTH DAKOTA HAWKS, Jordan Kyrou - Goal!

Penalties :
No Penalty

Goalie Stats

Darcy Kuemper (ANC), 26 saves from 31 shots - (0,839), OTL, 12-2-1, 65:00 minutes
Carter Hart (NDH), 43 saves from 48 shots - (0,896), W, 7-1-1, 65:00 minutes

Players Stats for ANCHORAGE ACES

Player Name              G  A  P  +/- PIM S  H  SB GA TA FO     MP     PP MP  PK MP  
------------------------------------------------------------------------------------
Andrew Ladd              0  0  0  -1  0   0  0  0  0  0  0/1     6:29   0:00   0:00 
Ben Chiarot              0  1  1   1  2   0  4  1  0  0  0/0    25:25   2:15   0:00 
Casey Cizikas            0  0  0  -1  0   0  0  0  0  0  2/3     6:29   0:00   0:00 
Chris Kreider            0  0  0  -1  0   7  3  0  0  0  1/2    20:53   2:43   0:00 
Connor McDavid           0  2  2   1  0   6  2  0  0  0  16/31  23:55   3:14   0:00 
Conor Sheary             0  0  0   2  0   1  0  1  0  0  0/1    15:02   2:43   0:00 
Dominik Simon            0  0  0  -1  0   1  0  0  0  0  0/0     6:49   0:00   0:20 
Erik Haula               0  2  2   2  0   0  1  0  0  0  0/0    12:49   0:00   0:30 
Jakob Chychrun           1  0  1   0  0   1  0  0  0  0  0/0    24:31   2:15   0:50 
Jani Hakanpaa            0  0  0  -1  0   0  2  0  0  0  0/0    17:11   0:22   0:00 
Jonathan Audy-Marchessau 0  0  0  -1  0   7  2  0  0  0  0/2    20:52   3:14   0:00 
Jordie Benn              0  0  0   1  0   0  3  1  0  0  0/0    16:04   0:22   0:00 
Joshua Norris            0  0  0  -1  0   6  0  0  0  0  19/24  18:58   2:43   0:00 
Nathan MacKinnon         1  2  3   1  0   6  1  0  0  0  2/7    24:11   2:58   0:00 
Nikolaj Ehlers           1  0  1   1  0   6  3  2  0  0  0/0    23:02   3:14   0:30 
Phillip Danault          2  0  2   2  0   6  0  1  0  0  13/22  12:39   0:00   0:20 
Robert Bortuzzo          0  1  1   1  0   0  2  2  0  0  0/0    16:04   0:22   0:00 
Seth Jones               0  0  0   0  0   1  2  1  0  0  0/0    22:46   3:20   0:50 

Players Stats for NORTH DAKOTA HAWKS

Player Name              G  A  P  +/- PIM S  H  SB GA TA FO     MP     PP MP  PK MP  
------------------------------------------------------------------------------------
Alex Killorn             0  1  1  -1  0   2  1  0  0  0  0/2    15:15   0:00   0:00 
Dillon Dube              0  0  0   0  0   1  1  0  0  0  2/2    17:26   0:00   2:15 
Erik Johnson             0  0  0   1  0   1  2  2  0  0  0/0    21:09   0:00   2:05 
Frank Vatrano            0  0  0   0  2   3  1  0  0  0  0/1     6:53   0:00   0:38 
Jack Hughes              1  1  2  -1  0   3  0  0  0  0  7/21   18:05   0:50   0:00 
Jake DeBrusk             0  0  0   0  0   0  0  0  0  0  0/1    10:26   0:00   4:10 
Jason Robertson          1  0  1   0  0   5  2  0  0  0  0/1    19:29   0:50   0:08 
Jordan Kyrou             0  1  1   0  0   0  3  0  0  0  1/2    18:07   0:50   0:46 
Marc Staal               0  0  0  -1  0   0  2  1  0  0  0/0    14:54   0:00   0:00 
Mathew Dumba             0  0  0  -1  0   0  0  1  0  0  0/0    25:07   0:00   3:52 
Nazem Kadri              1  1  2   0  4   6  3  1  0  0  13/26  20:19   0:50   0:00 
Nic Dowd                 0  0  0   0  0   1  0  0  0  0  10/18   9:12   0:00   2:56 
Nick Holden              0  0  0  -1  0   1  0  0  0  0  0/0    23:07   0:00   3:52 
Nick Suzuki              0  2  2   0  0   1  0  1  0  0  7/18   15:11   0:00   0:00 
Patrick Kane             2  0  2   0  0   6  0  0  0  0  0/0    18:11   0:00   0:00 
Quinton Hughes           0  1  1   1  0   1  1  2  0  0  0/0    22:54   0:50   0:00 
Reyley Smith             0  1  1  -1  0   0  1  0  0  0  0/1    16:16   0:00   1:01 
Ryan Lindgren            0  0  0  -1  0   0  1  1  0  0  0/0    16:59   0:00   2:05 

3 Stars

1 - Phillip Danault (ANC)
2 - Nathan MacKinnon (ANC)
3 - Patrick Kane (NDH)

Power Play

ANCHORAGE ACES - 0 on 3 Attempt(s) - 0,00%
NORTH DAKOTA HAWKS - 1 on 1 Attempt(s) - 100,00%

Penalty Kill

ANCHORAGE ACES - 0 on 1 Attempt(s) - 0,00% - Score 0 goal in Penalty Kill
NORTH DAKOTA HAWKS - 3 on 3 Attempt(s) - 100,00% - Score 0 goal in Penalty Kill

Team Stat

ANCHORAGE ACES - Hits : 25 - Faceoff Wins : 53 - Blocked Shots : 9 - Penalty Minutes : 2
NORTH DAKOTA HAWKS - Hits : 18 - Faceoff Wins : 40 - Blocked Shots : 9 - Penalty Minutes : 6

Official

Referees : Francois St-Laurent and Brett Roeland
Linesman : Ryan Daisy and Shandor Alphonso

Game Notes

No Game Note

Finance

Level 1 -- Attendance: 4074 (67,90%) -- Ticket Income 753 690 $
Level 2 -- Attendance: 5000 (100,00%) -- Ticket Income 550 000 $
Level 3 -- Attendance: 1834 (91,70%) -- Ticket Income 165 060 $
Level 4 -- Attendance: 3331 (83,28%) -- Ticket Income 216 515 $
Luxury Box -- Attendance: 711 (71,10%) -- Ticket Income 216 855 $
Total Attendance: 14950 (83,06%)
Total Ticket Income: 1 902 120 $
Other Expense: 19 021 $
Total Income: 1 883 099 $

ANCHORAGE ACES

5 vs 5 Forward 
   Center                   Left Wing                Right Wing               Time % Phy DF OF 
 1 Connor McDavid           Nikolaj Ehlers           Nathan MacKinnon         36     0   1  4  
 2 Joshua Norris            Chris Kreider            Jonathan Audy-Marchessaul31     0   2  3  
 3 Phillip Danault          Erik Haula               Conor Sheary             23     0   2  3  
 4 Casey Cizikas            Andrew Ladd              Dominik Simon            10     1   2  2  

5 vs 5 Defense 
   Defense                  Defense                                           Time % Phy DF OF 
 1 Seth Jones               Ben Chiarot                                       33     1   2  2  
 2 Jani Hakanpaa            Jakob Chychrun                                    33     1   2  2  
 3 Robert Bortuzzo          Jordie Benn                                       21     1   2  2  
 4 Jakob Chychrun           Ben Chiarot                                       13     1   2  2  

PowerPlay Forward 
   Center                   Left Wing                Right Wing               Time % Phy DF OF 
 1 Connor McDavid           Nikolaj Ehlers           Jonathan Audy-Marchessaul55     0   0  5  
 2 Joshua Norris            Chris Kreider            Conor Sheary             45     0   1  4  

PowerPlay Defense
   Defense                  Defense                                           Time % Phy DF OF 
 1 Seth Jones               Nathan MacKinnon                                  50     1   2  2  
 2 Jakob Chychrun           Ben Chiarot                                       50     1   2  2  

Penalty Kill 4 Players Forward 
   Center                   Wing                     Time % Phy DF OF 
 1 Phillip Danault          Dominik Simon            50     1   2  2  
 2 Erik Haula               Nikolaj Ehlers           50     1   2  2  

Penalty Kill 4 Players Defense
   Defense                  Defense                  Time % Phy DF OF 
 1 Ben Chiarot              Seth Jones               50     1   2  2  
 2 Jakob Chychrun           Jani Hakanpaa            50     1   2  2  

Penalty Kill - 3 Players Forward 
   Forward                                           Time % Phy DF OF 
 1 Phillip Danault                                   55     1   2  2  
 2 Erik Haula                                        45     1   2  2  

Penalty Kill - 3 Players Defense
   Defense                  Defense                  Time % Phy DF OF 
 1 Ben Chiarot              Seth Jones               55     1   2  2  
 2 Jordie Benn              Jani Hakanpaa            45     1   2  2  

4 vs 4 Forward 
   Center                   Wing                     Time % Phy DF OF 
 1 Connor McDavid           Phillip Danault          50     1   2  2  
 2 Joshua Norris            Nathan MacKinnon         50     1   2  2  

4 vs 4 Defense
   Defense                  Defense                  Time % Phy DF OF 
 1 Seth Jones               Ben Chiarot              55     1   2  2  
 2 Robert Bortuzzo          Jordie Benn              45     1   2  2  

Last Minutes Offensive
   Center                   Left Wing                Right Wing               Defense                  Defense                  
   Nathan MacKinnon         Connor McDavid           Chris Kreider            Seth Jones               Ben Chiarot              

Last Minutes Defensive
   Center                   Left Wing                Right Wing               Defense                  Defense                  
   Nathan MacKinnon         Connor McDavid           Chris Kreider            Seth Jones               Ben Chiarot              

Goaltenders
Starting : Darcy Kuemper            
Backup : Brian Elliott            

Extra Forwards
Normal : Nikolaj Ehlers, Nathan MacKinnon, Connor McDavid - PP : Chris Kreider, Jonathan Audy-Marchessault - PK : Nikolaj Ehlers
Extra Defensemen
Normal : Ben Chiarot, Seth Jones, Robert Bortuzzo - PP : Ben Chiarot - PK : Jakob Chychrun, Seth Jones
Penalty Shots
Connor McDavid, Nathan MacKinnon, Chris Kreider, Jonathan Audy-Marchessault, Joshua Norris
Custom OT Lines Forwards
Nathan MacKinnon, Chris Kreider, Connor McDavid, Jonathan Audy-Marchessault, Joshua Norris, Nikolaj Ehlers, Phillip Danault, Conor Sheary, Erik Haula, Casey Cizikas
Custom OT Lines Defensemen
Ben Chiarot, Seth Jones, Jakob Chychrun, Robert Bortuzzo, Jani Hakanpaa

Scratches
Ryan Pulock (Strained Back Injury)

NORTH DAKOTA HAWKS

5 vs 5 Forward 
   Center                   Left Wing                Right Wing               Time % Phy DF OF 
 1 Nazem Kadri              Jason Robertson          Jordan Kyrou             30     0   0  5  
 2 Jack Hughes              Alex Killorn             Reyley Smith             29     0   0  5  
 3 Nick Suzuki              Dillon Dube              Patrick Kane             28     0   3  2  
 4 Nic Dowd                 Jake DeBrusk             Frank Vatrano            13     0   3  2  

5 vs 5 Defense 
   Defense                  Defense                                           Time % Phy DF OF 
 1 Quinton Hughes           Erik Johnson                                      37     0   1  4  
 2 Nick Holden              Mathew Dumba                                      33     0   3  2  
 3 Ryan Lindgren            Marc Staal                                        20     0   4  1  
 4 Ryan Lindgren            Marc Staal                                        10     0   4  1  

PowerPlay Forward 
   Center                   Left Wing                Right Wing               Time % Phy DF OF 
 1 Nazem Kadri              Jason Robertson          Jordan Kyrou             55     0   0  5  
 2 Nick Suzuki              Alex Killorn             Reyley Smith             45     0   0  5  

PowerPlay Defense
   Defense                  Defense                                           Time % Phy DF OF 
 1 Jack Hughes              Quinton Hughes                                    55     0   0  5  
 2 Mathew Dumba             Patrick Kane                                      45     0   0  5  

Penalty Kill 4 Players Forward 
   Center                   Wing                     Time % Phy DF OF 
 1 Nic Dowd                 Jake DeBrusk             70     0   5  0  
 2 Nazem Kadri              Reyley Smith             30     0   5  0  

Penalty Kill 4 Players Defense
   Defense                  Defense                  Time % Phy DF OF 
 1 Nick Holden              Mathew Dumba             70     0   5  0  
 2 Ryan Lindgren            Erik Johnson             30     0   5  0  

Penalty Kill - 3 Players Forward 
   Forward                                           Time % Phy DF OF 
 1 Nic Dowd                                          70     0   5  0  
 2 Nazem Kadri                                       30     0   5  0  

Penalty Kill - 3 Players Defense
   Defense                  Defense                  Time % Phy DF OF 
 1 Nick Holden              Mathew Dumba             70     0   5  0  
 2 Ryan Lindgren            Erik Johnson             30     0   5  0  

4 vs 4 Forward 
   Center                   Wing                     Time % Phy DF OF 
 1 Nazem Kadri              Jason Robertson          55     0   0  5  
 2 Nick Suzuki              Patrick Kane             45     0   0  5  

4 vs 4 Defense
   Defense                  Defense                  Time % Phy DF OF 
 1 Quinton Hughes           Erik Johnson             55     0   1  4  
 2 Nick Holden              Mathew Dumba             45     0   1  4  

Last Minutes Offensive
   Center                   Left Wing                Right Wing               Defense                  Defense                  
   Nazem Kadri              Jason Robertson          Jordan Kyrou             Quinton Hughes           Jack Hughes              

Last Minutes Defensive
   Center                   Left Wing                Right Wing               Defense                  Defense                  
   Nazem Kadri              Jason Robertson          Reyley Smith             Ryan Lindgren            Erik Johnson             

Goaltenders
Starting : Carter Hart              
Backup : Pavel Francouz           

Extra Forwards
Normal : Dillon Dube, Frank Vatrano, Jake DeBrusk - PP : Jake DeBrusk, Frank Vatrano - PK : Dillon Dube
Extra Defensemen
Normal : Ryan Lindgren, Marc Staal, Erik Johnson - PP : Erik Johnson - PK : Marc Staal, Quinton Hughes
Penalty Shots
Nazem Kadri, Jack Hughes, Jason Robertson, Patrick Kane, Jordan Kyrou
Custom OT Lines Forwards
Nazem Kadri, Patrick Kane, Jason Robertson, Jack Hughes, Jordan Kyrou, Nick Suzuki, Alex Killorn, Reyley Smith, Jake DeBrusk, Frank Vatrano
Custom OT Lines Defensemen
Quinton Hughes, Mathew Dumba, Erik Johnson, Nick Holden, Ryan Lindgren

Scratches
Connor Clifton (Healthy), Colin Blackwell (Healthy), Josh Manson (Healthy)

% Time on Ice - ANCHORAGE ACES

Lines # - Real PCT - Wanted PCT - Time Play
Normal Forward
1 - 35% - 36% - 18:44
2 - 29% - 31% - 15:41
3 - 23% - 23% - 12:19
4 - 12% - 10% - 6:29
Normal Defense
1 - 31% - 33% - 16:39
2 - 32% - 33% - 16:49
3 - 30% - 21% - 15:42
4 - 8% - 13% - 4:03
PP Forward
1 - 54% - 55% - 3:14
2 - 46% - 45% - 2:43
PP Defense
1 - 62% - 50% - 3:42
2 - 38% - 50% - 2:15
PK Forward
1 - 40% - 50% - 0:20
2 - 60% - 50% - 0:30
PK Defense
1 - 100% - 50% - 0:50
2 - 0% - 50% - 0:00
PK3 Forward
1 - 0% - 55%
2 - 0% - 45%
PK3 Defense
1 - 0% - 55%
2 - 0% - 45%
44 Forward
1 - 0% - 50%
2 - 0% - 50%
44 Defense
1 - 0% - 55%
2 - 0% - 45%
Last Minute Offensive  - 0:00
Last Minute Defensive  - 0:00
Total
Forward - 60:00
Defense - 60:00

% Time on Ice - NORTH DAKOTA HAWKS

Lines # - Real PCT - Wanted PCT - Time Play
Normal Forward
1 - 31% - 30% - 16:31
2 - 29% - 29% - 15:15
3 - 29% - 28% - 15:11
4 - 12% - 13% - 6:16
Normal Defense
1 - 36% - 37% - 19:04
2 - 36% - 33% - 19:15
3 - 19% - 20% - 10:21
4 - 9% - 10% - 4:33
PP Forward
1 - 100% - 55% - 0:50
2 - 0% - 45% - 0:00
PP Defense
1 - 100% - 55% - 0:50
2 - 0% - 45% - 0:00
PK Forward
1 - 83% - 70% - 4:56
2 - 17% - 30% - 1:01
PK Defense
1 - 65% - 70% - 3:52
2 - 35% - 30% - 2:05
PK3 Forward
1 - 0% - 70%
2 - 0% - 30%
PK3 Defense
1 - 0% - 70%
2 - 0% - 30%
44 Forward
1 - 0% - 55%
2 - 0% - 45%
44 Defense
1 - 0% - 55%
2 - 0% - 45%
Last Minute Offensive  - 0:00
Last Minute Defensive  - 0:00
Total
Forward - 60:00
Defense - 60:00

Play-by-Play

1st period


0:01 of 1st period - Connor McDavid wins face-off versus Nazem Kadri in neutral zone.
0:14 of 1st period - Shot by Connor McDavid.
0:14 of 1st period - Shot Blocked by Quinton Hughes.
0:23 of 1st period - Shot by Connor McDavid.
0:23 of 1st period - Stopped by Carter Hart without a rebound.
0:24 of 1st period - Joshua Norris wins face-off versus Jack Hughes in NORTH DAKOTA HAWKS zone.
0:27 of 1st period - Shot by Jonathan Audy-Marchessault.
0:27 of 1st period - Shot Blocked by Mathew Dumba.
0:47 of 1st period - Shot by Chris Kreider.
0:47 of 1st period - Stopped by Carter Hart without a rebound.
0:48 of 1st period - Phillip Danault wins face-off versus Nick Suzuki in NORTH DAKOTA HAWKS zone.
0:58 of 1st period - Phillip Danault is hit by Ryan Lindgren and loses puck.
1:15 of 1st period - Shot by Patrick Kane.
1:15 of 1st period - Deflect By Nick Suzuki.
1:15 of 1st period - Stopped by Darcy Kuemper without a rebound.
1:16 of 1st period - Casey Cizikas wins face-off versus Nic Dowd in ANCHORAGE ACES zone.
1:32 of 1st period - Icing by Nic Dowd.
1:33 of 1st period - Nic Dowd wins face-off versus Connor McDavid in NORTH DAKOTA HAWKS zone.
1:35 of 1st period - Icing by Quinton Hughes.
1:36 of 1st period - Nic Dowd wins face-off versus Connor McDavid in NORTH DAKOTA HAWKS zone.
2:32 of 1st period - Minor Penalty to Nazem Kadri for Tripping.
2:33 of 1st period - Nic Dowd wins face-off versus Chris Kreider in NORTH DAKOTA HAWKS zone.
3:00 of 1st period - Shot by Joshua Norris.
3:00 of 1st period - Deflect By Chris Kreider.
3:00 of 1st period - Shot Misses the Net.
3:25 of 1st period - Icing by Jonathan Audy-Marchessault.
3:26 of 1st period - Dillon Dube wins face-off versus Connor McDavid in ANCHORAGE ACES zone.
3:31 of 1st period - Shot by Dillon Dube.
3:31 of 1st period - Shot Misses the Net.
3:37 of 1st period - Shot by Frank Vatrano.
3:37 of 1st period - Shot Blocked by Nikolaj Ehlers.
4:56 of 1st period - Shot by Patrick Kane.
4:56 of 1st period - Goal by Patrick Kane - ANCHORAGE ACES : 0 - NORTH DAKOTA HAWKS : 1.
4:57 of 1st period - Phillip Danault wins face-off versus Alex Killorn in neutral zone.
5:02 of 1st period - Shot by Erik Haula.
5:02 of 1st period - Shot Misses the Net.
5:05 of 1st period - Icing by Erik Johnson.
5:06 of 1st period - Joshua Norris wins face-off versus Jack Hughes in NORTH DAKOTA HAWKS zone.
5:15 of 1st period - Shot by Chris Kreider.
5:15 of 1st period - Stopped by Carter Hart without a rebound.
5:16 of 1st period - Nazem Kadri wins face-off versus Jonathan Audy-Marchessault in NORTH DAKOTA HAWKS zone.
5:22 of 1st period - Icing by Jani Hakanpaa.
5:23 of 1st period - Joshua Norris wins face-off versus Nazem Kadri in ANCHORAGE ACES zone.
5:23 of 1st period - Joshua Norris is hit by Nazem Kadri.
5:26 of 1st period - Chris Kreider is hit by Nazem Kadri and loses puck.
6:45 of 1st period - Shot by Nathan MacKinnon.
6:45 of 1st period - Goal by Nathan MacKinnon - ANCHORAGE ACES : 1 - NORTH DAKOTA HAWKS : 1.
6:46 of 1st period - Nick Suzuki wins face-off versus Phillip Danault in neutral zone.
6:48 of 1st period - Quinton Hughes is hit by Jordie Benn and loses puck.
6:55 of 1st period - Shot by Nick Suzuki.
6:55 of 1st period - Shot Blocked by Robert Bortuzzo.
7:02 of 1st period - Nick Suzuki is hit by Robert Bortuzzo and loses puck.
7:12 of 1st period - Shot by Nick Suzuki.
7:12 of 1st period - Shot Blocked by Phillip Danault.
7:17 of 1st period - Patrick Kane is hit by Robert Bortuzzo and loses puck.
7:27 of 1st period - Nick Suzuki is hit by Jordie Benn and loses puck.
7:30 of 1st period - Shot by Patrick Kane.
7:30 of 1st period - Stopped by Darcy Kuemper with a rebound.
7:45 of 1st period - Icing by Ryan Lindgren.
7:46 of 1st period - Jack Hughes wins face-off versus Connor McDavid in NORTH DAKOTA HAWKS zone.
7:46 of 1st period - Alex Killorn is hit by Connor McDavid and loses puck.
7:53 of 1st period - Shot by Jack Hughes.
7:53 of 1st period - Shot Blocked by Nikolaj Ehlers.
8:17 of 1st period - Shot by Jack Hughes.
8:17 of 1st period - Goal by Jack Hughes - ANCHORAGE ACES : 1 - NORTH DAKOTA HAWKS : 2.
8:18 of 1st period - Joshua Norris wins face-off versus Nazem Kadri in neutral zone.
8:41 of 1st period - Shot by Joshua Norris.
8:41 of 1st period - Stopped by Carter Hart without a rebound.
8:42 of 1st period - Nick Suzuki wins face-off versus Connor McDavid in NORTH DAKOTA HAWKS zone.
8:42 of 1st period - Nick Suzuki is hit by Nikolaj Ehlers.
9:25 of 1st period - Shot by Patrick Kane.
9:25 of 1st period - Goal by Patrick Kane - ANCHORAGE ACES : 1 - NORTH DAKOTA HAWKS : 3.
9:26 of 1st period - Joshua Norris wins face-off versus Jack Hughes in neutral zone.
10:08 of 1st period - Shot by Jack Hughes.
10:08 of 1st period - Stopped by Darcy Kuemper without a rebound.
10:09 of 1st period - Nazem Kadri wins face-off versus Phillip Danault in ANCHORAGE ACES zone.
10:45 of 1st period - Shot by Phillip Danault.
10:45 of 1st period - Stopped by Carter Hart without a rebound.
10:46 of 1st period - Connor McDavid wins face-off versus Nick Suzuki in NORTH DAKOTA HAWKS zone.
10:49 of 1st period - Shot by Nikolaj Ehlers.
10:49 of 1st period - Shot Misses the Net.
11:06 of 1st period - Nick Suzuki is hit by Seth Jones and loses puck.
11:10 of 1st period - Patrick Kane is hit by Ben Chiarot and loses puck.
11:13 of 1st period - Shot by Dillon Dube.
11:13 of 1st period - Shot Blocked by Seth Jones.
11:21 of 1st period - Shot by Patrick Kane.
11:21 of 1st period - Stopped by Darcy Kuemper with a rebound.
11:23 of 1st period - Shot by Nick Suzuki.
11:23 of 1st period - Shot Misses the Net.
11:25 of 1st period - Shot by Dillon Dube.
11:25 of 1st period - Stopped by Darcy Kuemper without a rebound.
11:26 of 1st period - Jack Hughes wins face-off versus Jonathan Audy-Marchessault in ANCHORAGE ACES zone.
11:27 of 1st period - Shot by Alex Killorn.
11:27 of 1st period - Stopped by Darcy Kuemper with a rebound.
11:40 of 1st period - Shot by Chris Kreider.
11:40 of 1st period - Stopped by Carter Hart without a rebound.
11:41 of 1st period - Phillip Danault wins face-off versus Nazem Kadri in NORTH DAKOTA HAWKS zone.
11:48 of 1st period - Shot by Phillip Danault.
11:48 of 1st period - Goal by Phillip Danault - ANCHORAGE ACES : 2 - NORTH DAKOTA HAWKS : 3.
11:49 of 1st period - Connor McDavid wins face-off versus Nazem Kadri in neutral zone.
11:49 of 1st period - Nathan MacKinnon is hit by Jason Robertson and loses puck.
11:50 of 1st period - Minor Penalty to Nazem Kadri for Cross-checking.
11:51 of 1st period - Nic Dowd wins face-off versus Connor McDavid in NORTH DAKOTA HAWKS zone.
12:05 of 1st period - Icing by Nathan MacKinnon.
12:06 of 1st period - Connor McDavid wins face-off versus Nic Dowd in ANCHORAGE ACES zone.
12:25 of 1st period - Shot by Nathan MacKinnon.
12:25 of 1st period - Shot Misses the Net.
12:27 of 1st period - Shot by Jonathan Audy-Marchessault.
12:27 of 1st period - Shot Blocked by Erik Johnson.
12:39 of 1st period - Shot by Nathan MacKinnon.
12:39 of 1st period - Stopped by Carter Hart with a rebound.
12:47 of 1st period - Shot by Nikolaj Ehlers.
12:47 of 1st period - Deflect By Connor McDavid.
12:47 of 1st period - Shot Blocked by Ryan Lindgren.
12:49 of 1st period - Shot by Nikolaj Ehlers.
12:49 of 1st period - Stopped by Carter Hart without a rebound.
12:50 of 1st period - Joshua Norris wins face-off versus Nic Dowd in NORTH DAKOTA HAWKS zone.
13:19 of 1st period - Shot by Chris Kreider.
13:19 of 1st period - Stopped by Carter Hart without a rebound.
13:20 of 1st period - Connor McDavid wins face-off versus Nic Dowd in NORTH DAKOTA HAWKS zone.
13:41 of 1st period - Shot by Nikolaj Ehlers.
13:41 of 1st period - Shot Misses the Net.
13:49 of 1st period - Shot by Jonathan Audy-Marchessault.
13:49 of 1st period - Stopped by Carter Hart with a rebound.
14:01 of 1st period - Shot by Nazem Kadri.
14:01 of 1st period - Stopped by Darcy Kuemper with a rebound.
14:03 of 1st period - Shot by Jason Robertson.
14:03 of 1st period - Shot Misses the Net.
14:10 of 1st period - Shot by Nazem Kadri.
14:10 of 1st period - Shot Misses the Net.
14:16 of 1st period - Shot by Jason Robertson.
14:16 of 1st period - Deflect By Nazem Kadri.
14:16 of 1st period - Shot Misses the Net.
14:18 of 1st period - Shot by Nazem Kadri.
14:18 of 1st period - Stopped by Darcy Kuemper without a rebound.
14:19 of 1st period - Phillip Danault wins face-off versus Jack Hughes in ANCHORAGE ACES zone.
14:28 of 1st period - Shot by Conor Sheary.
14:28 of 1st period - Shot Misses the Net.
14:40 of 1st period - Shot by Erik Haula.
14:40 of 1st period - Shot Misses the Net.
14:42 of 1st period - Shot by Erik Haula.
14:42 of 1st period - Shot Misses the Net.
14:44 of 1st period - Shot by Phillip Danault.
14:44 of 1st period - Goal by Phillip Danault - ANCHORAGE ACES : 3 - NORTH DAKOTA HAWKS : 3.
14:45 of 1st period - Connor McDavid wins face-off versus Nazem Kadri in neutral zone.
14:52 of 1st period - Shot by Nathan MacKinnon.
14:52 of 1st period - Stopped by Carter Hart with a rebound.
14:54 of 1st period - Shot by Connor McDavid.
14:54 of 1st period - Shot Blocked by Erik Johnson.
14:56 of 1st period - Shot by Nikolaj Ehlers.
14:56 of 1st period - Stopped by Carter Hart without a rebound.
14:57 of 1st period - Joshua Norris wins face-off versus Jack Hughes in NORTH DAKOTA HAWKS zone.
15:28 of 1st period - Reyley Smith is hit by Chris Kreider and loses puck.
15:39 of 1st period - Shot by Alex Killorn.
15:39 of 1st period - Shot Misses the Net.
15:41 of 1st period - Shot by Nick Holden.
15:41 of 1st period - Stopped by Darcy Kuemper with a rebound.
15:56 of 1st period - Icing by Erik Johnson.
15:57 of 1st period - Connor McDavid wins face-off versus Nick Suzuki in NORTH DAKOTA HAWKS zone.
15:57 of 1st period - Connor McDavid is hit by Erik Johnson.
16:14 of 1st period - Shot by Nikolaj Ehlers.
16:14 of 1st period - Shot Misses the Net.
17:17 of 1st period - Icing by Ben Chiarot.
17:18 of 1st period - Nic Dowd wins face-off versus Nathan MacKinnon in ANCHORAGE ACES zone.
17:38 of 1st period - Icing by Nick Holden.
17:39 of 1st period - Joshua Norris wins face-off versus Frank Vatrano in NORTH DAKOTA HAWKS zone.
18:06 of 1st period - Shot by Joshua Norris.
18:06 of 1st period - Stopped by Carter Hart with a rebound.
18:44 of 1st period - Off-side.
18:45 of 1st period - Nazem Kadri wins face-off versus Casey Cizikas in neutral zone.
19:06 of 1st period - Icing by Jason Robertson.
19:07 of 1st period - Phillip Danault wins face-off versus Nazem Kadri in NORTH DAKOTA HAWKS zone.
19:12 of 1st period - Shot by Erik Haula.
19:12 of 1st period - Shot Blocked by Quinton Hughes.
19:34 of 1st period - Nazem Kadri is hit by Seth Jones and loses puck.
19:39 of 1st period - Shot by Nazem Kadri.
19:39 of 1st period - Stopped by Darcy Kuemper without a rebound.
19:40 of 1st period - Connor McDavid wins face-off versus Jack Hughes in ANCHORAGE ACES zone.
19:45 of 1st period - Jack Hughes is hit by Connor McDavid and loses puck.
Goals for this period are 3 for ANCHORAGE ACES vs 3 for NORTH DAKOTA HAWKS.
Shots for this period are 16 for ANCHORAGE ACES vs 13 for NORTH DAKOTA HAWKS.

2nd period


0:01 of 2nd period - Connor McDavid wins face-off versus Nick Suzuki in neutral zone.
0:32 of 2nd period - Shot by Nathan MacKinnon.
0:32 of 2nd period - Shot Misses the Net.
0:34 of 2nd period - Shot by Jakob Chychrun.
0:34 of 2nd period - Goal by Jakob Chychrun - ANCHORAGE ACES : 4 - NORTH DAKOTA HAWKS : 3.
0:35 of 2nd period - Chris Kreider wins face-off versus Jack Hughes in neutral zone.
0:59 of 2nd period - Shot by Joshua Norris.
0:59 of 2nd period - Shot Hit the Post.
1:16 of 2nd period - Icing by Jonathan Audy-Marchessault.
1:17 of 2nd period - Jordan Kyrou wins face-off versus Joshua Norris in ANCHORAGE ACES zone.
1:30 of 2nd period - Shot by Nazem Kadri.
1:30 of 2nd period - Stopped by Darcy Kuemper with a rebound.
1:49 of 2nd period - Seth Jones is hit by Marc Staal and loses puck.
2:39 of 2nd period - Patrick Kane is hit by Jani Hakanpaa and loses puck.
3:38 of 2nd period - Shot by Jonathan Audy-Marchessault.
3:38 of 2nd period - Deflect By Chris Kreider.
3:38 of 2nd period - Stopped by Carter Hart with a rebound.
3:56 of 2nd period - Shot by Chris Kreider.
3:56 of 2nd period - Shot Hit the Post.
3:58 of 2nd period - Shot by Chris Kreider.
3:58 of 2nd period - Shot Misses the Net.
4:51 of 2nd period - Icing by Marc Staal.
4:52 of 2nd period - Connor McDavid wins face-off versus Jordan Kyrou in NORTH DAKOTA HAWKS zone.
5:28 of 2nd period - Shot by Nathan MacKinnon.
5:28 of 2nd period - Shot Misses the Net.
5:30 of 2nd period - Shot by Connor McDavid.
5:30 of 2nd period - Shot Misses the Net.
5:32 of 2nd period - Shot by Nathan MacKinnon.
5:32 of 2nd period - Shot Blocked by Marc Staal.
5:34 of 2nd period - Shot by Nathan MacKinnon.
5:34 of 2nd period - Stopped by Carter Hart without a rebound.
5:35 of 2nd period - Phillip Danault wins face-off versus Nick Suzuki in NORTH DAKOTA HAWKS zone.
5:40 of 2nd period - Shot by Erik Haula.
5:40 of 2nd period - Deflect By Phillip Danault.
5:40 of 2nd period - Stopped by Carter Hart without a rebound.
5:41 of 2nd period - Phillip Danault wins face-off versus Nick Suzuki in NORTH DAKOTA HAWKS zone.
5:54 of 2nd period - Shot by Phillip Danault.
5:54 of 2nd period - Shot Misses the Net.
5:56 of 2nd period - Shot by Erik Haula.
5:56 of 2nd period - Shot Misses the Net.
6:17 of 2nd period - Erik Haula is hit by Quinton Hughes and loses puck.
6:22 of 2nd period - Shot by Phillip Danault.
6:22 of 2nd period - Stopped by Carter Hart without a rebound.
6:23 of 2nd period - Nazem Kadri wins face-off versus Connor McDavid in NORTH DAKOTA HAWKS zone.
6:28 of 2nd period - Nathan MacKinnon is hit by Jordan Kyrou and loses puck.
6:38 of 2nd period - Icing by Nikolaj Ehlers.
6:39 of 2nd period - Connor McDavid wins face-off versus Reyley Smith in ANCHORAGE ACES zone.
6:48 of 2nd period - Shot by Connor McDavid.
6:48 of 2nd period - Stopped by Carter Hart without a rebound.
6:49 of 2nd period - Jack Hughes wins face-off versus Joshua Norris in NORTH DAKOTA HAWKS zone.
6:49 of 2nd period - Jack Hughes is hit by Jonathan Audy-Marchessault.
6:52 of 2nd period - Reyley Smith is hit by Chris Kreider and loses puck.
6:59 of 2nd period - Shot by Joshua Norris.
6:59 of 2nd period - Shot Misses the Net.
7:01 of 2nd period - Shot by Ben Chiarot.
7:01 of 2nd period - Shot Misses the Net.
7:07 of 2nd period - Shot by Jonathan Audy-Marchessault.
7:07 of 2nd period - Shot Misses the Net.
7:09 of 2nd period - Shot by Chris Kreider.
7:09 of 2nd period - Shot Misses the Net.
7:11 of 2nd period - Shot by Ben Chiarot.
7:11 of 2nd period - Shot Misses the Net.
7:20 of 2nd period - Shot by Chris Kreider.
7:20 of 2nd period - Stopped by Carter Hart without a rebound.
7:21 of 2nd period - Connor McDavid wins face-off versus Nick Suzuki in NORTH DAKOTA HAWKS zone.
7:26 of 2nd period - Shot by Connor McDavid.
7:26 of 2nd period - Stopped by Carter Hart without a rebound.
7:27 of 2nd period - Nick Suzuki wins face-off versus Connor McDavid in NORTH DAKOTA HAWKS zone.
7:54 of 2nd period - Quinton Hughes is hit by Nikolaj Ehlers and loses puck.
8:31 of 2nd period - Jonathan Audy-Marchessault is hit by Jordan Kyrou and loses puck.
8:38 of 2nd period - Jason Robertson is hit by Jonathan Audy-Marchessault and loses puck.
8:49 of 2nd period - Shot by Jonathan Audy-Marchessault.
8:49 of 2nd period - Stopped by Carter Hart without a rebound.
8:50 of 2nd period - Nic Dowd wins face-off versus Phillip Danault in NORTH DAKOTA HAWKS zone.
8:50 of 2nd period - Frank Vatrano is hit by Erik Haula and loses puck.
9:17 of 2nd period - Shot by Frank Vatrano.
9:17 of 2nd period - Stopped by Darcy Kuemper without a rebound.
9:18 of 2nd period - Joshua Norris wins face-off versus Jack Hughes in ANCHORAGE ACES zone.
10:38 of 2nd period - Shot by Jason Robertson.
10:38 of 2nd period - Shot Misses the Net.
10:40 of 2nd period - Shot by Jason Robertson.
10:40 of 2nd period - Goal by Jason Robertson - ANCHORAGE ACES : 4 - NORTH DAKOTA HAWKS : 4.
10:41 of 2nd period - Nick Suzuki wins face-off versus Connor McDavid in neutral zone.
10:47 of 2nd period - Dillon Dube is hit by Ben Chiarot and loses puck.
11:00 of 2nd period - Shot by Connor McDavid.
11:00 of 2nd period - Shot Misses the Net.
11:02 of 2nd period - Shot by Nikolaj Ehlers.
11:02 of 2nd period - Goal by Nikolaj Ehlers - ANCHORAGE ACES : 5 - NORTH DAKOTA HAWKS : 4.
11:03 of 2nd period - Nic Dowd wins face-off versus Phillip Danault in neutral zone.
11:51 of 2nd period - Icing by Jordie Benn.
11:52 of 2nd period - Phillip Danault wins face-off versus Nazem Kadri in ANCHORAGE ACES zone.
12:14 of 2nd period - Icing by Conor Sheary.
12:15 of 2nd period - Phillip Danault wins face-off versus Nick Suzuki in ANCHORAGE ACES zone.
12:26 of 2nd period - Shot by Nick Suzuki.
12:26 of 2nd period - Shot Misses the Net.
12:28 of 2nd period - Shot by Nick Suzuki.
12:28 of 2nd period - Deflect By Patrick Kane.
12:28 of 2nd period - Shot Blocked by Jordie Benn.
13:07 of 2nd period - Icing by Conor Sheary.
13:08 of 2nd period - Jack Hughes wins face-off versus Phillip Danault in ANCHORAGE ACES zone.
13:25 of 2nd period - Shot by Reyley Smith.
13:25 of 2nd period - Shot Misses the Net.
13:27 of 2nd period - Shot by Erik Johnson.
13:27 of 2nd period - Stopped by Darcy Kuemper without a rebound.
13:28 of 2nd period - Connor McDavid wins face-off versus Nazem Kadri in ANCHORAGE ACES zone.
13:28 of 2nd period - Connor McDavid is hit by Jordan Kyrou.
14:02 of 2nd period - Jordan Kyrou is hit by Nikolaj Ehlers and loses puck.
14:12 of 2nd period - Icing by Nazem Kadri.
14:13 of 2nd period - Nazem Kadri wins face-off versus Joshua Norris in NORTH DAKOTA HAWKS zone.
14:40 of 2nd period - Shot by Joshua Norris.
14:40 of 2nd period - Stopped by Carter Hart without a rebound.
14:41 of 2nd period - Jack Hughes wins face-off versus Andrew Ladd in NORTH DAKOTA HAWKS zone.
15:44 of 2nd period - Shot by Connor McDavid.
15:44 of 2nd period - Stopped by Carter Hart without a rebound.
15:45 of 2nd period - Connor McDavid wins face-off versus Nick Suzuki in NORTH DAKOTA HAWKS zone.
15:50 of 2nd period - Shot by Connor McDavid.
15:50 of 2nd period - Stopped by Carter Hart without a rebound.
15:51 of 2nd period - Nick Suzuki wins face-off versus Connor McDavid in NORTH DAKOTA HAWKS zone.
16:10 of 2nd period - Mathew Dumba is hit by Nathan MacKinnon and loses puck.
17:10 of 2nd period - Shot by Chris Kreider.
17:10 of 2nd period - Stopped by Carter Hart without a rebound.
17:11 of 2nd period - Jack Hughes wins face-off versus Phillip Danault in NORTH DAKOTA HAWKS zone.
17:27 of 2nd period - Shot by Jack Hughes.
17:27 of 2nd period - Shot Blocked by Conor Sheary.
17:29 of 2nd period - Shot by Quinton Hughes.
17:29 of 2nd period - Stopped by Darcy Kuemper without a rebound.
17:30 of 2nd period - Joshua Norris wins face-off versus Jake DeBrusk in ANCHORAGE ACES zone.
17:36 of 2nd period - Nic Dowd is hit by Ben Chiarot and loses puck.
17:44 of 2nd period - Minor Penalty to Ben Chiarot for Interference.
17:45 of 2nd period - Phillip Danault wins face-off versus Nazem Kadri in ANCHORAGE ACES zone.
18:32 of 2nd period - Shot by Jack Hughes.
18:32 of 2nd period - Shot Misses the Net.
18:34 of 2nd period - Shot by Nazem Kadri.
18:34 of 2nd period - Goal by Nazem Kadri - ANCHORAGE ACES : 5 - NORTH DAKOTA HAWKS : 5.
18:35 of 2nd period - Nick Suzuki wins face-off versus Joshua Norris in neutral zone.
18:44 of 2nd period - Icing by Robert Bortuzzo.
18:45 of 2nd period - Joshua Norris wins face-off versus Nic Dowd in ANCHORAGE ACES zone.
18:45 of 2nd period - Joshua Norris is hit by Frank Vatrano.
19:14 of 2nd period - Shot by Frank Vatrano.
19:14 of 2nd period - Stopped by Darcy Kuemper without a rebound.
19:15 of 2nd period - Connor McDavid wins face-off versus Nazem Kadri in ANCHORAGE ACES zone.
19:28 of 2nd period - Shot by Jason Robertson.
19:28 of 2nd period - Shot Blocked by Ben Chiarot.
19:30 of 2nd period - Shot by Jason Robertson.
19:30 of 2nd period - Stopped by Darcy Kuemper without a rebound.
19:31 of 2nd period - Joshua Norris wins face-off versus Jack Hughes in ANCHORAGE ACES zone.
19:38 of 2nd period - Shot by Jonathan Audy-Marchessault.
19:38 of 2nd period - Shot Misses the Net.
19:50 of 2nd period - Shot by Jonathan Audy-Marchessault.
19:50 of 2nd period - Shot Misses the Net.
Goals for this period are 2 for ANCHORAGE ACES vs 2 for NORTH DAKOTA HAWKS.
Shots for this period are 14 for ANCHORAGE ACES vs 8 for NORTH DAKOTA HAWKS.

3rd period


0:01 of 3rd period - Nick Suzuki wins face-off versus Connor McDavid in neutral zone.
0:04 of 3rd period - Shot by Patrick Kane.
0:04 of 3rd period - Stopped by Darcy Kuemper with a rebound.
0:06 of 3rd period - Shot by Nick Suzuki.
0:06 of 3rd period - Deflect By Patrick Kane.
0:06 of 3rd period - Stopped by Darcy Kuemper without a rebound.
0:07 of 3rd period - Nazem Kadri wins face-off versus Connor McDavid in ANCHORAGE ACES zone.
0:07 of 3rd period - Nazem Kadri is hit by Ben Chiarot.
0:17 of 3rd period - Shot by Nikolaj Ehlers.
0:17 of 3rd period - Stopped by Carter Hart without a rebound.
0:18 of 3rd period - Joshua Norris wins face-off versus Nick Suzuki in NORTH DAKOTA HAWKS zone.
0:41 of 3rd period - Shot by Jonathan Audy-Marchessault.
0:41 of 3rd period - Stopped by Carter Hart without a rebound.
0:42 of 3rd period - Nazem Kadri wins face-off versus Connor McDavid in NORTH DAKOTA HAWKS zone.
1:19 of 3rd period - Shot by Jason Robertson.
1:19 of 3rd period - Stopped by Darcy Kuemper without a rebound.
1:20 of 3rd period - Joshua Norris wins face-off versus Jack Hughes in ANCHORAGE ACES zone.
1:20 of 3rd period - Joshua Norris is hit by Alex Killorn.
1:59 of 3rd period - Shot by Jack Hughes.
1:59 of 3rd period - Shot Misses the Net.
2:26 of 3rd period - Nikolaj Ehlers is hit by Marc Staal and loses puck.
3:15 of 3rd period - Off-side.
3:16 of 3rd period - Phillip Danault wins face-off versus Nazem Kadri in neutral zone.
3:45 of 3rd period - Shot by Conor Sheary.
3:45 of 3rd period - Stopped by Carter Hart without a rebound.
3:46 of 3rd period - Casey Cizikas wins face-off versus Alex Killorn in NORTH DAKOTA HAWKS zone.
3:53 of 3rd period - Shot by Dominik Simon.
3:53 of 3rd period - Stopped by Carter Hart with a rebound.
4:20 of 3rd period - Reyley Smith is hit by Jani Hakanpaa and loses puck.
6:40 of 3rd period - Minor Penalty to Frank Vatrano for Tripping.
6:41 of 3rd period - Joshua Norris wins face-off versus Nic Dowd in NORTH DAKOTA HAWKS zone.
6:46 of 3rd period - Shot by Joshua Norris.
6:46 of 3rd period - Shot Misses the Net.
6:48 of 3rd period - Shot by Joshua Norris.
6:48 of 3rd period - Stopped by Carter Hart with a rebound.
7:02 of 3rd period - Shot by Joshua Norris.
7:02 of 3rd period - Stopped by Carter Hart without a rebound.
7:03 of 3rd period - Nic Dowd wins face-off versus Conor Sheary in NORTH DAKOTA HAWKS zone.
7:11 of 3rd period - Icing by Chris Kreider.
7:12 of 3rd period - Joshua Norris wins face-off versus Nic Dowd in ANCHORAGE ACES zone.
7:39 of 3rd period - Shot by Nathan MacKinnon.
7:39 of 3rd period - Deflect By Joshua Norris.
7:39 of 3rd period - Stopped by Carter Hart without a rebound.
7:40 of 3rd period - Dillon Dube wins face-off versus Connor McDavid in NORTH DAKOTA HAWKS zone.
8:56 of 3rd period - Icing by Phillip Danault.
8:57 of 3rd period - Phillip Danault wins face-off versus Jason Robertson in ANCHORAGE ACES zone.
8:57 of 3rd period - Phillip Danault is hit by Nazem Kadri.
9:41 of 3rd period - Shot by Jason Robertson.
9:41 of 3rd period - Stopped by Darcy Kuemper with a rebound.
9:43 of 3rd period - Shot by Nazem Kadri.
9:43 of 3rd period - Shot Misses the Net.
9:59 of 3rd period - Shot by Jack Hughes.
9:59 of 3rd period - Deflect By Alex Killorn.
9:59 of 3rd period - Shot Misses the Net.
10:05 of 3rd period - Shot by Alex Killorn.
10:05 of 3rd period - Shot Misses the Net.
10:54 of 3rd period - Shot by Joshua Norris.
10:54 of 3rd period - Shot Blocked by Nick Suzuki.
11:00 of 3rd period - Shot by Joshua Norris.
11:00 of 3rd period - Shot Misses the Net.
11:02 of 3rd period - Shot by Jonathan Audy-Marchessault.
11:02 of 3rd period - Stopped by Carter Hart with a rebound.
11:37 of 3rd period - Shot by Nikolaj Ehlers.
11:37 of 3rd period - Shot Misses the Net.
11:43 of 3rd period - Shot by Nikolaj Ehlers.
11:43 of 3rd period - Stopped by Carter Hart with a rebound.
12:33 of 3rd period - Shot by Phillip Danault.
12:33 of 3rd period - Stopped by Carter Hart with a rebound.
13:41 of 3rd period - Shot by Nathan MacKinnon.
13:41 of 3rd period - Stopped by Carter Hart with a rebound.
13:57 of 3rd period - Shot by Jason Robertson.
13:57 of 3rd period - Shot Blocked by Robert Bortuzzo.
14:39 of 3rd period - Off-side.
14:40 of 3rd period - Nic Dowd wins face-off versus Phillip Danault in neutral zone.
15:05 of 3rd period - Shot by Frank Vatrano.
15:05 of 3rd period - Stopped by Darcy Kuemper without a rebound.
15:06 of 3rd period - Joshua Norris wins face-off versus Jack Hughes in ANCHORAGE ACES zone.
15:06 of 3rd period - Joshua Norris is hit by Reyley Smith.
15:12 of 3rd period - Shot by Alex Killorn.
15:12 of 3rd period - Stopped by Darcy Kuemper without a rebound.
15:13 of 3rd period - Joshua Norris wins face-off versus Jack Hughes in ANCHORAGE ACES zone.
16:36 of 3rd period - Shot by Nikolaj Ehlers.
16:36 of 3rd period - Stopped by Carter Hart with a rebound.
16:38 of 3rd period - Shot by Seth Jones.
16:38 of 3rd period - Stopped by Carter Hart without a rebound.
16:39 of 3rd period - Nazem Kadri wins face-off versus Phillip Danault in NORTH DAKOTA HAWKS zone.
16:56 of 3rd period - Shot by Nazem Kadri.
16:56 of 3rd period - Stopped by Darcy Kuemper without a rebound.
16:57 of 3rd period - Joshua Norris wins face-off versus Nic Dowd in ANCHORAGE ACES zone.
17:04 of 3rd period - Shot by Jonathan Audy-Marchessault.
17:04 of 3rd period - Stopped by Carter Hart without a rebound.
17:05 of 3rd period - Nazem Kadri wins face-off versus Joshua Norris in NORTH DAKOTA HAWKS zone.
17:05 of 3rd period - Nazem Kadri is hit by Chris Kreider.
17:38 of 3rd period - Icing by Nazem Kadri.
17:39 of 3rd period - Nazem Kadri wins face-off versus Nathan MacKinnon in NORTH DAKOTA HAWKS zone.
18:36 of 3rd period - Nathan MacKinnon is hit by Jason Robertson and loses puck.
19:07 of 3rd period - Shot by Nic Dowd.
19:07 of 3rd period - Shot Misses the Net.
19:09 of 3rd period - Shot by Nic Dowd.
19:09 of 3rd period - Stopped by Darcy Kuemper without a rebound.
19:10 of 3rd period - Phillip Danault wins face-off versus Nick Suzuki in ANCHORAGE ACES zone.
19:10 of 3rd period - Phillip Danault is hit by Dillon Dube.
19:17 of 3rd period - Phillip Danault is hit by Erik Johnson and loses puck.
19:41 of 3rd period - Icing by Jordie Benn.
19:42 of 3rd period - Nic Dowd wins face-off versus Phillip Danault in ANCHORAGE ACES zone.
19:42 of 3rd period - Nic Dowd is hit by Jordie Benn.
Goals for this period are 0 for ANCHORAGE ACES vs 0 for NORTH DAKOTA HAWKS.
Shots for this period are 14 for ANCHORAGE ACES vs 8 for NORTH DAKOTA HAWKS.

Overtime #1


0:01 of 1st overtime period - Nazem Kadri wins face-off versus Nathan MacKinnon in neutral zone.
1:49 of 1st overtime period - Icing by Jason Robertson.
1:50 of 1st overtime period - Nathan MacKinnon wins face-off versus Jack Hughes in NORTH DAKOTA HAWKS zone.
2:05 of 1st overtime period - Shot by Nathan MacKinnon.
2:05 of 1st overtime period - Stopped by Carter Hart without a rebound.
2:06 of 1st overtime period - Nazem Kadri wins face-off versus Nathan MacKinnon in NORTH DAKOTA HAWKS zone.
2:08 of 1st overtime period - Icing by Patrick Kane.
2:09 of 1st overtime period - Nathan MacKinnon wins face-off versus Nazem Kadri in NORTH DAKOTA HAWKS zone.
2:26 of 1st overtime period - Shot by Chris Kreider.
2:26 of 1st overtime period - Deflect By Nathan MacKinnon.
2:26 of 1st overtime period - Shot Blocked by Nazem Kadri.
3:13 of 1st overtime period - Shot by Jason Robertson.
3:13 of 1st overtime period - Shot Misses the Net.
3:15 of 1st overtime period - Shot by Jason Robertson.
3:15 of 1st overtime period - Stopped by Darcy Kuemper with a rebound.
3:19 of 1st overtime period - Shot by Jason Robertson.
3:19 of 1st overtime period - Shot Misses the Net.
3:21 of 1st overtime period - Shot by Jack Hughes.
3:21 of 1st overtime period - Stopped by Darcy Kuemper without a rebound.
3:22 of 1st overtime period - Connor McDavid wins face-off versus Jack Hughes in ANCHORAGE ACES zone.
3:39 of 1st overtime period - Shot by Connor McDavid.
3:39 of 1st overtime period - Stopped by Carter Hart without a rebound.
3:40 of 1st overtime period - Nazem Kadri wins face-off versus Connor McDavid in NORTH DAKOTA HAWKS zone.
4:03 of 1st overtime period - Shot by Patrick Kane.
4:03 of 1st overtime period - Shot Misses the Net.
4:05 of 1st overtime period - Shot by Nazem Kadri.
4:05 of 1st overtime period - Shot Misses the Net.
4:19 of 1st overtime period - Shot by Jonathan Audy-Marchessault.
4:19 of 1st overtime period - Stopped by Carter Hart with a rebound.
4:21 of 1st overtime period - Shot by Jonathan Audy-Marchessault.
4:21 of 1st overtime period - Stopped by Carter Hart with a rebound.
4:56 of 1st overtime period - Icing by Mathew Dumba.
4:57 of 1st overtime period - Jack Hughes wins face-off versus Nathan MacKinnon in NORTH DAKOTA HAWKS zone.
Goals for this period are 0 for ANCHORAGE ACES vs 0 for NORTH DAKOTA HAWKS.
Shots for this period are 4 for ANCHORAGE ACES vs 2 for NORTH DAKOTA HAWKS.

ShootOut


5:00 of 1st overtime period - Round #1.
5:00 of 1st overtime period - ANCHORAGE ACES, Connor McDavid.
5:00 of 1st overtime period - Stopped by Carter Hart.
5:00 of 1st overtime period - NORTH DAKOTA HAWKS, Nazem Kadri.
5:00 of 1st overtime period - Stopped by Darcy Kuemper.
5:00 of 1st overtime period - Round #2.
5:00 of 1st overtime period - ANCHORAGE ACES, Nathan MacKinnon.
5:00 of 1st overtime period - Shot Misses the Net.
5:00 of 1st overtime period - NORTH DAKOTA HAWKS, Jack Hughes.
5:00 of 1st overtime period - Shot Misses the Net.
5:00 of 1st overtime period - Round #3.
5:00 of 1st overtime period - ANCHORAGE ACES, Chris Kreider.
5:00 of 1st overtime period - Stopped by Carter Hart.
5:00 of 1st overtime period - NORTH DAKOTA HAWKS, Jason Robertson.
5:00 of 1st overtime period - Shot Misses the Net.
5:00 of 1st overtime period - Round #4.
5:00 of 1st overtime period - ANCHORAGE ACES, Jonathan Audy-Marchessault.
5:00 of 1st overtime period - Goal by Jonathan Audy-Marchessault.
5:00 of 1st overtime period - NORTH DAKOTA HAWKS, Patrick Kane.
5:00 of 1st overtime period - Goal by Patrick Kane.
5:00 of 1st overtime period - Round #5.
5:00 of 1st overtime period - ANCHORAGE ACES, Joshua Norris.
5:00 of 1st overtime period - Shot Misses the Net.
5:00 of 1st overtime period - NORTH DAKOTA HAWKS, Jordan Kyrou.
5:00 of 1st overtime period - Goal by Jordan Kyrou.


RYAN
NUGENT-HOPKINS
THATCHER
DEMKO
MITCHELL
MARNER

EAST COAST

HOCKEY LEAGUE

  • 13.MAN3PIT5
  • 14.NHW2ATL3
  • 15.PET5WOR4
  • 16.RHI30
  • 17.QUECHI
  • 18.CHALIM
  • 19.TRVLON
  • 20.CHWBAL